[Event "*** Titled Tuesday Blitz"]
[Site "Chess.com"]
[Date "2019.02.05"]
[Round "7"]
[White "fm_magua"]
[Black "Gentlejimmy7"]
[Result "1-0"]
[WhiteElo "2401"]
[BlackElo "2296"]
[TimeControl "180+2"]
[EndTime "14:41:30 PST"]
[Termination "fm_magua won by resignation"]

1. e4 e5 2. Nf3 Nc6 3. Bb5 a6 4. Ba4 Nf6 5. d4 exd4 6. O-O Be7 7. Qe2 O-O 8. e5 Nd5 9. Bb3 Nb6 10. Rd1 d6 11. c3 dxe5 12. Nxe5 Nxe5 13. Qxe5 Bf6 14.
Qg3 c5 15. Bf4 c4 16. Bc7 Qd5 17. Bxb6 cxb3 18. Bxd4 bxa2 19. Na3 Bxd4 20. Rxd4 Qb3 21. Rb4 Qd5 22. Rd4 Qe6 23. c4 b5 24. Qc3 Rb8 25. b4 bxc4 26. Rxa2 Bb7 27. Nxc4 Rbc8 28. Rc2 Qg6 29. f3 Bxf3 30. Rf2 Bb7 31. h3 h6 32. Rg4 Qh7 33. Qg3 Kh8 34. Nd6 Rc1+ 35. Kh2 Bd5 36. Qe5 Be6 37. Qxe6 fxe6 38. Rxf8+ Qg8 39. Nf7+ Kh7 40.
Rxg8 Kxg8 41. Nxh6+ Kf8 42. Rf4+ Ke7 43. Ng8+ Ke8 44.
Kg3 Rc8 45. Kg4 Rb8 46. Kg5 Kd7 47. Rf7+ Kd6 48. Rxg7 Rxb4 49. h4 Rb2 50. g4 e5 51.
Nf6 Re2 52. Ra7 Ra2 53. h5 e4 54. Nxe4+ Ke5 55. Nc5 a5 56. h6 Kd6 57. Nb7+ Kc7 58. Rxa5 Rh2 59. Kg6 Kxb7 60. h7 Rh4 61. g5 Kc6 62.
Ra8 Kb7 63. h8=Q 1-0

[Event "*** Titled Tuesday Blitz"]
[Site "Chess.com"]
[Date "2019.02.05"]
[Round "7"]
[White "flomarechot"]
[Black "Thefirstchess"]
[Result "1-0"]
[WhiteElo "2068"]
[BlackElo "2001"]
[TimeControl "180+2"]
[EndTime "14:41:32 PST"]
[Termination "flomarechot won on time"]

1. d4 c5 2. d5 e6 3. c4 exd5 4. cxd5 d6 5. Nc3 Nf6 6. g3 g6 7. Bg2 Bg7 8. Nf3 O-O 9. O-O Re8 10. Nd2 a6 11. a4 Nbd7 12. h3 Rb8 13. Nc4 Ne5 14.
Na3 Nh5 15. e4 Bd7 16. a5 Qxa5 17. g4 Nf6 18. f4 Nexg4 19. hxg4 Bxg4 20. Qc2 Qc7 21. Nc4 b5 22. Ne3 Bd7 23. Rxa6 b4 24. Ne2 Bb5 25.
Ra1 b3 26. Qd1 Nxe4 27. Bxe4 Rxe4 28. Ng3 Ree8 29. Rf3 Bd4 30. Kg2 Re7 31. Qxb3 Bf1+ 32. Nexf1 Rxb3 33. Rxb3 c4 34. Rf3 Qc5 35. f5 Qxd5 36.
Bh6 Re8 37. Rd1 Qc5 38. Nd2 Bxb2 39. Nde4 Qc6 40. Rxd6 Qc7 41. fxg6 hxg6 42. Bd2 Bg7 43. Bc3 f5 44. Nf6+ Bxf6 45. Rxf6 Kh7 46. Rf1 Kh6 47. Nxf5+ Kg5 48. Ng3 Rc8 49. Bd2+ Kh4 50. R1f4+ Kg5 51. Ne4+ Kh5 52. Ng3+ Kg5 53. Rf7 Qc6+ 54. Rf3+ 1-0

[Event "*** Titled Tuesday Blitz"]
[Site "Chess.com"]
[Date "2019.02.05"]
[Round "7"]
[White "NikolasTheiss"]
[Black "HElissalt"]
[Result "1/2-1/2"]
[WhiteElo "2214"]
[BlackElo "2125"]
[TimeControl "180+2"]
[EndTime "14:41:33 PST"]
[Termination "Game drawn - insufficient material"]

1. e4 d6 2. Nc3 e5 3. Nf3 Nf6 4. d4 Nbd7 5. Bc4 Be7 6. Bxf7+ Kxf7 7.
Ng5+ Kg8 8. Ne6 Qe8 9. Nxc7 Qg6 10. Nxa8 Qxg2 11. Rf1 exd4 12. Qxd4 Ne5 13. f4 Nfg4 14. Ne2 Bh4+ 15. Kd2 Qxf1 16. fxe5 Bg5+ 17. Kc3 Qf3+ 18. Kb4 a5+ 19. Kxa5 Bd8+ 20. Ka4 Nxe5 21. Qd5+ Qf7 22. Nd4 Bd7+ 23. Kb3 Bc6 24. Nxc6 bxc6 25. Qxf7+ Kxf7 26. Be3 Ke6 27. a4 Ba5 28. Bb6 Rxa8 29. Bxa5 Rxa5 30. Kb4 Ra6 31. a5 Nd7 32. Rg1 g6 33. Rg5 Ne5 34.
Rg3 h6 35. c4 Ra8 36. Rc3 g5 37. Ka4 Nd7 38. b4 g4 39. b5 Nc5+ 40. Kb4 Kd7 41. Rg3 h5 42. e5 Ne4 43. Re3 d5 44. cxd5 cxd5 45. Rd3 Ke6 46. b6 Kxe5 47. b7 Rb8 48. a6 Nd6 49. Kc5 Nxb7+ 50. axb7 Rxb7 51. Rxd5+ Kf4 52.
Rxh5 Rb2 53. Kd4 Rd2+ 54. Kc3 Rd7 55. Kc4 Kf3 56. Rh6 Kg2 57. Rg6 Kh3 58. Rh6+ Kg2 59. Rg6 Kf3 60. Rf6+ Kg2 61. Rg6 Kh3 62. Rh6+ Kg2 63.
Rg6 Kxh2 64. Rxg4 Rc7+ 65. Kd3 Ra7 66. Ke2 Ra2+ 67. Kf3 Ra3+ 68. Kf4 Ra4+ 69. Kf3 Rxg4 70. Kxg4 1/2-1/2

[Event "*** Titled Tuesday Blitz"]
[Site "Chess.com"]
[Date "2019.02.05"]
[Round "7"]
[White "DrVelja"]
[Black "iturrizaga"]
[Result "0-1"]
[WhiteElo "2635"]
[BlackElo "2804"]
[TimeControl "180+2"]
[EndTime "14:41:34 PST"]
[Termination "iturrizaga won by resignation"]

1. e4 c5 2. Nf3 g6 3. d4 cxd4 4.
Nxd4 Nc6 5. c4 Bg7 6. Be3 Nf6 7. Nc3 O-O 8. Be2 d6 9. O-O Bd7 10. Nc2 Be6 11. f3 Nd7 12. Qd2 a5 13. b3 Nc5 14.
Rab1 Qb6 15. Rfc1 Rfc8 16. Bf1 Qd8 17. Kh1 Bh8 18. Nd5 h5 19. Bg5 Bxd5 20. exd5 Nb4 21.
Nd4 Bf6 22. a3 Nba6 23. Re1 Bxg5 24. Qxg5 e5 25. Qxd8+ Rxd8 26. Nb5 Rac8 27. Kg1 Kg7 28. Kf2 Nc7 29. Nc3 Na8 30. b4 axb4 31. axb4 Na6 32. Ne4 Nb6 33. Rec1 Rc7 34. h4 Rcc8 35. g3 Nc7 36. Ke3 Ne8 37. Kd2 Rc7 38. Rc2 Ra8 39. Bd3 Ra3 40. c5 dxc5 41. d6 Nxd6 42. Nxd6 c4 43.
Ne8+ Kf8 44. Nxc7 Rxd3+ 45. Ke2 e4 46. fxe4 Rxg3 47. Nd5 Rg2+ 48. Kd1 Rg1+ 49. Kd2 Rxb1 50. Nxb6 Rxb4 51. Nxc4 b5 52. Nd6 Rd4+ 53. Ke3 Rxd6 54.
Rb2 Rd1 55. Rxb5 Rh1 56. Kf4 Rxh4+ 57. Ke5 Kg7 58. Rb1 Rh2 59. Rf1 Rd2 60. Kf4 Rd8 61. Rd1 Rxd1 0-1

[Event "*** Titled Tuesday Blitz"]
[Site "Chess.com"]
[Date "2019.02.05"]
[Round "7"]
[White "Romn69"]
[Black "Jenia84"]
[Result "1/2-1/2"]
[WhiteElo "2257"]
[BlackElo "2207"]
[TimeControl "180+2"]
[EndTime "14:41:34 PST"]
[Termination "Game drawn by repetition"]

1. d4 Nf6 2. Nf3 e6 3. g3 b6 4. Bg2 Bb7 5. O-O Be7 6. c4 O-O 7. d5 exd5 8. Nh4 c6 9. cxd5 Nxd5 10. Nf5 Nc7 11. e4 d5 12. Nc3 Bf6 13. Bf4 Nba6 14. Re1 Ne6 15. Bd6 Re8 16. e5 Bg5 17. f4 Bh6 18.
Nxh6+ gxh6 19. f5 Nec5 20. f6 Kh8 21. Qd2 Rg8 22. Qxh6 Rg6 23. Qh4 Nd7 24. Bh3 Nxf6 25. Bf5 Ne8 26. Qxd8 Rxd8 27. Bxg6 hxg6 28. Be7 Rd7 29.
Bf6+ Nxf6 30. exf6 Nc7 31. Rad1 Ne6 32. h4 Kh7 33. Ne4 Kh6 34. Ng5 Nxg5 35. hxg5+ Kxg5 36.
Re7 Bc8 37. Rxd7 Bxd7 38. a3 Kxf6 39. Kf2 Bf5 40. Ke3 Be4 41. Kf4 Ke6 42. Rd2 f5 43.
Rh2 c5 44. Rh7 d4 45. Rxa7 c4 46. Ra6 c3 47. Rxb6+ Kd5 48. bxc3 dxc3 49. Ke3 Kc4 50. Rb8 c2 51. Kd2 g5 52. Rg8 g4 53. Kc1 Kb3 54. Rb8+ Kxa3 55. Rb6 Ka4 56. Rb8 Ka5 57. Rb2 Ka6 58.
Rb4 Ka5 59. Rb8 Ka6 60. Rb4 Ka5 61. Rb8 Ka6 62. Rb4 1/2-1/2

[Event "*** Titled Tuesday Blitz"]
[Site "Chess.com"]
[Date "2019.02.05"]
[Round "7"]
[White "Dr-Bassem"]
[Black "TrimitziosP7"]
[Result "1/2-1/2"]
[WhiteElo "2766"]
[BlackElo "2691"]
[TimeControl "180+2"]
[EndTime "14:41:38 PST"]
[Termination "Game drawn by agreement"]

1. e4 c5 2. Nf3 Nc6 3. d3 g6 4. g3 Bg7 5. Bg2 e5 6. O-O Nge7 7. c3 d6 8. a3 O-O 9. b4 b6 10. Nbd2 h6 11. Bb2 Be6 12. Nc4 f5 13. exf5 gxf5 14. b5 Bxc4 15. dxc4 Na5 16. Qe2 Ng6 17. Rad1 e4 18. Nd2 Qe7 19. Rfe1 Rae8 20. Nf1 Ne5 21. Ne3 Qe6 22. Bf1 Nf3+ 23. Kh1 Nxe1 24. Qxe1 f4 25.
Nd5 fxg3 26. fxg3 Qf5 27. Bc1 Kh7 28. Bf4 Be5 29. Qe3 Qg6 30. Be2 Rf7 31. a4 Ref8 32.
Bxe5 dxe5 33. Kg2 Rf3 34. Bxf3 exf3+ 35. Kf2 Nxc4 36. Qd3 Nb2 37. Qxg6+ Kxg6 38. Rb1 Nd3+ 39. Ke3 c4 40. Rf1 f2 41. Ke2 Kg5 42. Ne3 Nb2 43. h4+ Kg6 44. Rxf2 Rxf2+ 45. Kxf2 Nxa4 46. Nd5 Nc5 47.
Kf3 Kf5 48. g4+ Ke6 49. Ne3 Na4 50. Nd1 Nc5 51. Nb2 Kd5 52. g5 hxg5 53. hxg5 Ne6 54. g6 Ng7 55. Kg4 e4 56. Nd1 Kc5 57. Kg5 Kxb5 58.
Kf6 Nh5+ 1/2-1/2

[Event "*** Titled Tuesday Blitz"]
[Site "Chess.com"]
[Date "2019.02.05"]
[Round "7"]
[White "idvidal"]
[Black "champ2005"]
[Result "0-1"]
[WhiteElo "2466"]
[BlackElo "2603"]
[TimeControl "180+2"]
[EndTime "14:41:39 PST"]
[Termination "champ2005 won by resignation"]

1. c4 e5 2. Nc3 Nf6 3. g3 c6 4. d4 e4 5. d5 Bc5 6. e3 O-O 7. Nge2 d6 8. Bg2 Qe7 9. O-O Bf5 10. Nd4 Bg6 11. Rb1 cxd5 12. Nxd5 Nxd5 13. cxd5 Nd7 14.
b4 Bb6 15. a4 a6 16. a5 Ba7 17.
h4 h5 18. Bb2 Ne5 19. Bh3 Nd3 20. Ba1 Ne5 21. Rc1 Rad8 22. Kh1 Nd3 23. Rc4 Ne5 24. Rc2 Qf6 25. Ne2 Bf5 26. Bxf5 Qxf5 27. Nf4 Nf3 28. Kg2 Qg4 29. Rc4 Nxh4+ 30. Kh1 Nf3 31.
Rxe4 h4 32. Kg2 h3+ 33. Nxh3 Nh4+ 34. Kh2 Qxe4 35. gxh4 Qxh4 36. Rg1 f6 37. Rg4 Qh7 38. Qf3 Rde8 39. Kg2 Re7 40. Nf4 Qe4 41. Ne6 Qxf3+ 42. Kxf3 Rc8 43. Kg2 Rf7 44. Bd4 Rc4 45. Kf3 Bxd4 46. Rxd4 Rxd4 47. Nxd4 Rc7 48. Nf5 Rd7 49.
Ke4 g6 50. Nd4 Rc7 51. Kd3 Kf7 52. Ne6 Rc1 53. Nd8+ Ke7 54. Nxb7 Rc8 55. b5 axb5 56. a6 Ra8 57. Na5 Rxa6 58. Nc6+ Kf7 59. f4 g5 60. fxg5 fxg5 61. Ke4 b4 62. Kf5 b3 0-1

[Event "*** Titled Tuesday Blitz"]
[Site "Chess.com"]
[Date "2019.02.05"]
[Round "7"]
[White "ChessMavenYeti"]
[Black "CM_Perligero"]
[Result "1-0"]
[WhiteElo "2243"]
[BlackElo "2203"]
[TimeControl "180+2"]
[EndTime "14:41:46 PST"]
[Termination "ChessMavenYeti won by resignation"]

1. d4 Nf6 2. c4 d5 3. cxd5 Qxd5 4. Nc3 Qa5 5. Bd2 c6 6. e4 e5 7. Nd5 Qd8 8. Nxf6+ Qxf6 9. dxe5 Qxe5 10. Nf3 Qxe4+ 11.
Be2 Bc5 12. O-O O-O 13. Ng5 Qg6 14. Bh5 Qd6 15. Qc2 g6 16. Ne4 Qe5 17. Bc3 Bd4 18.
Bf3 Bxc3 19. Nxc3 Bf5 20. Qb3 b6 21. Rfe1 Qf6 22. Rad1 Nd7 23. Qa3 Ne5 24. Be4 Bg4 25.
Rd6 Qg5 26. Kh1 Nc4 27. Qb4 Nxd6 28. Qxd6 Rad8 29. Qxc6 Qd2 30. Rf1 Qxb2 31. Nd5 Be6 32. Nf4 Qe5 33. g3 g5 34. Nh5 Bd5 35. Bxd5 Qxd5+ 36. Qxd5 Rxd5 37. Nf6+ Kg7 38. Nxd5 Rd8 39. Nc3 Rd3 40. Rc1 Rd2 41. Kg2 a6 42. Kf3 b5 43.
Ke3 Rb2 44. Rb1 Rc2 45. Rb3 f5 46. a3 Kg6 47. Ne2 Rc4 48. f4 Re4+ 49. Kf3 g4+ 50. Kf2 h5 51. Ke1 Rc4 52. Kd2 Re4 53. Re3 Ra4 54.
Re6+ Kf7 55. Re3 Kf6 56. Rc3 Kg6 57. Kd3 Re4 58. Rc6+ Kf7 59. Rxa6 b4 60. a4 b3 61.
a5 Rb4 62. Rb6 Ra4 63. a6 b2 64. Nc3 Ra3 65. Kc2 Ke7 66. Kxb2 Ra5 67. Kb3 Kd7 68.
Kb4 1-0

[Event "*** Titled Tuesday Blitz"]
[Site "Chess.com"]
[Date "2019.02.05"]
[Round "7"]
[White "JoakimVonAnd"]
[Black "Supelyel"]
[Result "0-1"]
[WhiteElo "2301"]
[BlackElo "2327"]
[TimeControl "180+2"]
[EndTime "14:41:54 PST"]
[Termination "Supelyel won by resignation"]

1. d4 Nf6 2. c4 d6 3. Nf3 Nbd7 4. Nc3 e5 5. e4 Be7 6. Be3 O-O 7. h3 Re8 8. d5 c6 9. Bd3 Qc7 10. O-O h6 11.
Rc1 a5 12. a3 c5 13. Nd2 b6 14. Bc2 Ba6 15. Ba4 Rf8 16. Bb5 Bb7 17. f4 exf4 18. Bxf4 Ne5 19. Nf3 Ng6 20. Bh2 Rad8 21. Qe2 Ne5 22. Nxe5 dxe5 23. Rf5 Bd6 24. Rcf1 Nh7 25.
h4 Bc8 26. R5f2 Qe7 27. Bg3 Nf6 28. Bc6 Ba6 29. Bb5 Bc8 30. Bc6 Ba6 31. Rf5 Bc8 32. R5f2 Bg4 33. Qe3 Nh5 34. Nb5 Bb8 35. Nc3 Nf4 36.
Ba4 Bd6 37. Bd1 Bxd1 38. Rxd1 g5 39. hxg5 hxg5 40. Qf3 Kg7 41. Qg4 f6 42. Nb5 Ng6 43. Rff1 Rh8 44. Kf2 Rh7 45. Rh1 Rdh8 46. Rxh7+ Rxh7 47. Qc8 Rh8 48. Qc6 Bb8 49. d6 Qf7 50. d7 Qe7 51.
Qxb6 Rd8 52. Qc6 Kf8 53. Nc3 Kg7 54. Na4 Nf8 55. Nb6 Ne6 56. Nc8 Qf7 57. Nb6 Ba7 58.
Nc8 Nd4 59. Qd5 Rxd7 60. Qxf7+ Kxf7 61. Nxa7 Rxa7 62. Rd2 Rb7 63. Ke3 Rb3+ 64. Rd3 Rxb2 65. Be1 a4 66. Bc3 Rb3 67. Bxd4 exd4+ 68. Ke2 Rxd3 69. Kxd3 Ke6 70. g3 f5 71. exf5+ Kxf5 72. Ke2 Ke4 0-1

[Event "*** Titled Tuesday Blitz"]
[Site "Chess.com"]
[Date "2019.02.05"]
[Round "7"]
[White "wanyaland"]
[Black "MathiasWomacka"]
[Result "1/2-1/2"]
[WhiteElo "2109"]
[BlackElo "2244"]
[TimeControl "180+2"]
[EndTime "14:41:59 PST"]
[Termination "Game drawn by agreement"]

1. d4 Nf6 2. c4 e6 3. Nf3 Bb4+ 4. Bd2 Qe7 5. g3 Bxd2+ 6. Qxd2 Nc6 7. Nc3 d5 8. cxd5 exd5 9. Bg2 Bg4 10. h3 Bxf3 11.
Bxf3 O-O-O 12. O-O Ne4 13. Qd1 f5 14. e3 h5 15.
Nxe4 fxe4 16. Bxh5 Kb8 17. Bg4 Rd6 18. Kg2 Nd8 19.
b4 Nf7 20. a3 Nh6 21. Rc1 Rg6 22.
Bh5 Rg5 23. h4 Rf5 24. Be2 g5 25. h5 g4 26. Bxg4 Nxg4 27. Qxg4 Rfxh5 28. Rh1 R5h7 29. Qf5 c6 30. Rxh7 Rxh7 31. Rh1 Rf7 32. Qe5+ Qxe5 33. dxe5 Re7 34. Rh5 b6 35. Kf1 Kc7 36. Ke2 c5 37. bxc5 bxc5 38. f4 exf3+ 39. Kxf3 Rf7+ 40. Ke2 Kc6 41. g4 c4 42. Rf5 Rh7 43. g5 Rh2+ 44. Rf2 Rh5 45. Rg2 Kd7 46. g6 Rh8 47. g7 Rg8 48. Rg5 Ke6 49. Kd2 Kf7 50. Kc3 Rxg7 51. e6+ Kf6 52.
Rxd5 Rg3 53. Kxc4 Rxe3 54. Ra5 Kxe6 55. Rxa7 Kd6 56. a4 Kc6 57. Ra6+ Kb7 58. Rh6 Re1 59. Kb4 Re5 1/2-1/2

[Event "*** Titled Tuesday Blitz"]
[Site "Chess.com"]
[Date "2019.02.05"]
[Round "7"]
[White "Kawhi_Leonard2"]
[Black "TristanCalistri"]
[Result "0-1"]
[WhiteElo "2229"]
[BlackElo "2243"]
[TimeControl "180+2"]
[EndTime "14:42:09 PST"]
[Termination "TristanCalistri won by resignation"]

1. e4 e5 2. Nf3 d6 3. d4 exd4 4. Nxd4 Nf6 5. Nc3 Be7 6. Bf4 O-O 7. Qd2 d5 8. e5 Nh5 9. Bg3 c5 10. Nf3 d4 11. Ne4 Bf5 12. Bd3 c4 13. Nf6+ Bxf6 14. Bxf5 Re8 15. O-O-O c3 16. Qxd4 Qxd4 17. Rxd4 cxb2+ 18. Kxb2 Nxg3 19. hxg3 Rxe5 20. Nxe5 Bxe5 21. c3 Bxd4 22.
cxd4 g6 23. Be4 Nc6 24. Bxc6 bxc6 25. Rc1 Rb8+ 26. Kc3 Kf8 27. Rc2 Ke7 28. Kd3 Kd6 29. g4 Rb5 30. f3 h5 31. gxh5 Rxh5 32. Ke4 Rb5 33. g4 a5 34. Rh2 a4 35. Rh7 Ke6 36. Rh8 Rb2 37. a3 Rb3 38. Rc8 Kd7 39. Rf8 Ke7 40. Rc8 Rc3 41. f4 Ke6 42. g5 Ke7 43. Rc7+ Ke6 44. Rc8 Kd7 45. Rf8 Ke7 46. Rc8 Ke6 47.
Re8+ Kd7 48. Rf8 Ke6 49. Re8+ Kd6 50. Rf8 Ke7 51. Rc8 Rc1 52. Ra8 Rc4 53. Kd3 Rc1 54. Rxa4 Rf1 55. Ke4 Re1+ 56. Kf3 Rf1+ 57. Ke3 Re1+ 58.
Kf2 Rd1 59. Rc4 Kd6 60. a4 Rd3 61. Rb4 Ra3 62. Ke2 Ke6 63. Kf2 Kf5 64. Rb7 Kxf4 65.
Rxf7+ Kxg5 66. Rc7 Rxa4 67. Rxc6 Rxd4 68. Kg3 Rd3+ 69. Kg2 Kf5 70. Rc5+ Kf4 71. Rc4+ Kg5 72. Rc5+ Kh4 73. Rc4+ Kh5 74. Rc5+ g5 75. Rd5 Rxd5 0-1

[Event "*** Titled Tuesday Blitz"]
[Site "Chess.com"]
[Date "2019.02.05"]
[Round "7"]
[White "Genghis_K"]
[Black "leoo2001"]
[Result "1/2-1/2"]
[WhiteElo "2827"]
[BlackElo "2789"]
[TimeControl "180+2"]
[EndTime "14:42:10 PST"]
[Termination "Game drawn by repetition"]

1. d4 Nf6 2. Bf4 e6 3. e3 b6 4.
Nf3 Bb7 5. Nbd2 Be7 6. h3 O-O 7.
Bd3 c5 8. c3 Nc6 9. O-O d5 10.
Qe2 Re8 11. Rad1 Bd6 12. Ne5 Qc7 13. Ndf3 c4 14. Bb1 b5 15. a3 a5 16. Nxc6 Bxc6 17.
Ne5 Bb7 18. g4 Nd7 19. Nxd7 Qxd7 20. Bxd6 Qxd6 21. e4 b4 22. e5 Qe7 23. f4 bxa3 24.
bxa3 Qxa3 25. Qc2 g6 26. f5 a4 27. fxg6 fxg6 28. Rf6 Qe7 29. Rdf1 Rf8 30. g5 a3 31. h4 Bc6 32. h5 Rxf6 33. exf6 Qf7 34. hxg6 hxg6 35.
Qh2 Be8 36. Kg2 Qh7 37. Qxh7+ Kxh7 38. f7 Bxf7 39. Rxf7+ Kg8 40. Rf2 Rb8 41. Ba2 Kg7 42.
Kg3 Rh8 43. Kf4 Rf8+ 44. Ke3 Rh8 45. Kf4 Rf8+ 46. Kg3 Rh8 47. Kf4 Rf8+ 48. Ke3 Re8 49. Rh2 e5 50. dxe5 Rxe5+ 51. Kd4 Rxg5 52. Re2 Kf6 53. Rh2 Ke6 54. Kc5 Re5 55. Bb1 Re3 56. Bxg6 Rxc3 57. Kd4 Rg3 58. Rh6 Ke7 59. Bf5 Rg5 60.
Bh7 a2 61. Ra6 Rg2 62. Bf5 Rf2 63. Ke5 c3 64. Ra7+ Kf8 65. Bd3 c2 66. Bxc2 Rxc2 67.
Kxd5 a1=Q 68. Rxa1 Kg7 69. Rg1+ Kf6 70. Rf1+ Kg5 71. Ke4 Re2+ 72. Kf3 Ra2 73. Rg1+ Kf5 74. Rc1 Ra3+ 75. Ke2 Rh3 76. Rc5+ Ke4 77. Rc4+ Ke5 78. Rg4 Kf5 79. Rc4 Ke5 80. Rg4 Kf5 81. Rc4 Ke5 82. Rg4 Kf5 83. Rc4 Ke5 84. Rg4 Kf5 85. Rc4 Ke5 1/2-1/2

[Event "*** Titled Tuesday Blitz"]
[Site "Chess.com"]
[Date "2019.02.05"]
[Round "7"]
[White "Rodalquilar"]
[Black "AttilaTurzo"]
[Result "0-1"]
[WhiteElo "2516"]
[BlackElo "2408"]
[TimeControl "180+2"]
[EndTime "14:42:14 PST"]
[Termination "AttilaTurzo won by checkmate"]

1. e4 c5 2. Nf3 Nc6 3. Bb5 g6 4.
Bxc6 dxc6 5. h3 Bg7 6. d3 e5 7.
Be3 Qe7 8. Nc3 Nf6 9. Qd2 O-O 10. Bh6 Nd7 11. Bxg7 Kxg7 12. O-O f6 13. a3 a5 14. a4 b6 15. Ne2 Rf7 16. Qc3 Nf8 17. Nd2 g5 18. Nc4 Rb8 19. Ne3 Qd8 20. Ng3 Ne6 21.
Qe1 Nd4 22. c3 Ne6 23. Rd1 Kh8 24. Kh2 Ba6 25. Ngf5 Qf8 26. g3 Rd8 27. Nc4 Bxc4 28. dxc4 Ng7 29. Ne3 Rfd7 30. Qe2 Qe7 31. Qg4 Qe6 32.
Qe2 Kg8 33. b3 Rd6 34. Kg2 Kf7 35. Ng4 h5 36. Ne3 Kg6 37. Qf3 Kf7 38. Rfe1 Kg8 39. Rxd6 Rxd6 40. Rd1 Qd7 41. Qxf6 Rxd1 42. Nxd1 Qxd1 43.
Qxg5 Qxb3 44. Qxe5 Qxc4 45. f4 Qe6 46. Qb8+ Kh7 47. Kf3 Qb3 48. Qe5 Qxa4 49. f5 Qd1+ 50. Kf4 Qd2+ 51. Kf3 Qd3+ 52. Kf4 Qd7 53. g4 hxg4 54.
hxg4 a4 55. g5 a3 56. g6+ Kh6 57. Qf6 Nh5+ 58. Ke5 Nxf6 59. Kxf6 Qd8+ 60. Kf7 Qd7+ 61. Kf6 a2 62. e5 a1=Q 63. e6 Qg7# 0-1

[Event "*** Titled Tuesday Blitz"]
[Site "Chess.com"]
[Date "2019.02.05"]
[Round "7"]
[White "GameOverBro"]
[Black "WPWPWP-2015"]
[Result "1/2-1/2"]
[WhiteElo "2521"]
[BlackElo "2335"]
[TimeControl "180+2"]
[EndTime "14:42:17 PST"]
[Termination "Game drawn - insufficient material"]

1. e4 e5 2. Nf3 Nc6 3. Bb5 Nf6 4.
d4 exd4 5. O-O a6 6. Ba4 b5 7. Bb3 d6 8. Ng5 Ne5 9. f4 Nc4 10. Bxc4 bxc4 11. Qxd4 h6 12. Nf3 Be6 13. Nc3 Be7 14.
f5 c5 15. Qf2 Bd7 16. e5 Ng4 17. Qg3 Nxe5 18. Nxe5 dxe5 19. Qxg7 Bf6 20. Qg4 Bc6 21.
Qxc4 Qd4+ 22. Qxd4 cxd4 23. Ne2 Rg8 24. Ng3 h5 25.
Re1 Rg4 26. Re2 h4 27. Nh5 Ke7 28. h3 Re4 29. Rxe4 Bxe4 30. Nxf6 Kxf6 31. c3 Rg8 32.
cxd4 Rxg2+ 33. Kf1 exd4 34. b4 Kxf5 35. a4 Rc2 36. b5 axb5 37. axb5 Bd3+ 38. Ke1 Bxb5 39. Bd2 Bd7 40. Ra4 Ke4 41. Ra7 Be6 42. Ra5 Kd3 43. Bg5 Rh2 44. Bxh4 Ke3 45. Ra3+ d3 46. Bg5+ Ke4 47. h4 Re2+ 48. Kd1 Bg4 49. Ra4+ Kf3 50. Rf4+ Kg3 51. Kc1 Rc2+ 52. Kb1 f5 53. Rd4 Be2 54.
h5 Rc8 55. h6 Rg8 56. Bf4+ Kf3 57. h7 Rh8 58. Kc1 Rxh7 59. Bg5 Rh1+ 60. Kd2 Rd1+ 61. Kc3 Kg3 62. Bf4+ Kg2 63. Bd2 Ra1 64. Rf4 Ra2 65. Kd4 Ra4+ 66. Ke3 Rxf4 67. Kxf4 Kf2 68. Kxf5 Bf3 69.
Kf4 Ke2 70. Bb4 Bd5 71. Ba5 Bc4 72. Bb4 Bb5 73. Ba5 Ba6 74. Bb4 d2 75. Bxd2 Kxd2 1/2-1/2

[Event "*** Titled Tuesday Blitz"]
[Site "Chess.com"]
[Date "2019.02.05"]
[Round "7"]
[White "SolidAsARook"]
[Black "Rakesh"]
[Result "1-0"]
[WhiteElo "2201"]
[BlackElo "2322"]
[TimeControl "180+2"]
[EndTime "14:42:18 PST"]
[Termination "SolidAsARook won by resignation"]

1. c4 e5 2. g3 Nc6 3. Bg2 d6 4. Nc3 Be6 5. d3 Qd7 6. e4 g6 7.
Be3 Bg7 8. Qd2 Nge7 9. h4 O-O-O 10. h5 f5 11. Nd5 Rdf8 12. O-O-O Nd8 13. Bg5 Nec6 14. h6 Bxd5 15. hxg7 Qxg7 16. Bh6 Qf7 17. cxd5 Re8 18. dxc6 Qxa2 19. Qc3 Nxc6 20. Ne2 Na5 21.
Kc2 Qa4+ 22. Kb1 Nb3 23. exf5 gxf5 24. Bd5 Nc5 25. Bg7 Rhg8 26. Bxg8 Rxg8 27. Bxe5 Re8 28.
f4 Qb5 29. Nd4 Qa4 30. Bf6 b5 31. Nc2 a5 32. Qa3 Re2 33. Qxa4 Nxa4 34. Nd4 Rxb2+ 35.
Kc1 b4 36. Rxh7 Ra2 37. Nc6 b3 38. Nxa5 b2+ 39. Bxb2 Rxb2 40. Nc4 Ra2 41. Rdh1 Nc3 42.
Rf7 Ra1+ 43. Kb2 Rxh1 44. Kxc3 Rg1 45. Rxf5 Rxg3 46. Kd4 Kd7 47. Rf7+ Kc6 48. Ne3 Kb6 49. f5 c5+ 50. Ke4 Kc6 51. Kf4 Rg1 52. f6 d5 53. Ng4 c4 54. dxc4 dxc4 55. Ne5+ Kd5 56. Rd7+ Ke6 57. f7 Rf1+ 58. Ke4 Re1+ 59. Kd4 Rd1+ 60. Kxc4 Rf1 61. Rd8 Rc1+ 62. Kb3 Rb1+ 63. Kc2 Rb4 64. f8=Q Rf4 65. Re8+ Kd5 66. Qxf4 Kc5 67. Nd3+ Kb6 68. Qd4+ Ka6 69. Re6+ 1-0

[Event "*** Titled Tuesday Blitz"]
[Site "Chess.com"]
[Date "2019.02.05"]
[Round "7"]
[White "AbdAlAgathos"]
[Black "matiss90"]
[Result "1-0"]
[WhiteElo "2343"]
[BlackElo "2456"]
[TimeControl "180+2"]
[EndTime "14:42:18 PST"]
[Termination "AbdAlAgathos won by resignation"]

1. e4 c5 2. Nf3 d6 3. c3 Nf6 4. Be2 g6 5. O-O Bg7 6. Bb5+ Nc6 7. Re1 O-O 8. h3 e5 9. d3 a6 10. Ba4 Nh5 11. Nbd2 h6 12. Nf1 Kh7 13. Ne3 Nf4 14.
Nd5 Nxd5 15. exd5 Ne7 16. c4 f5 17. Rb1 f4 18. b4 b6 19. Nd2 Nf5 20. Ne4 Nd4 21. Bb2 f3 22. Bxd4 exd4 23. g3 Bxh3 24. bxc5 bxc5 25. Rb7 Bc8 26. Rb2 Ra7 27. Rb8 Be5 28.
Qb1 Raf7 29. Qb6 Qxb6 30. Rxb6 Bf5 31. Rxa6 Bxe4 32. Rxe4 h5 33. Bc6 Bxg3 34. fxg3 f2+ 35. Kf1 Rf3 36. Re2 Kh6 37. Bd7 Kg5 38. Be6 h4 39.
gxh4+ Kxh4 40. Rxd6 R8f6 41. Rd8 Kg3 42. Rh8 Kf4 43.
Rxf2 Ke3 44. Rxf3+ Rxf3+ 45. Ke1 Rf6 46. Rh3+ Kf4 47.
Bd7 g5 48. Rh1 Ke3 49. Rf1 Rd6 50. Bf5 Ra6 51. Kd1 Rxa2 52. Re1+ Kf4 53. d6 Kxf5 54. d7 Ra1+ 55. Kc2 Rxe1 56. d8=Q Re5 57. Qf8+ Kg4 58. Qg7 Kf5 59. Qf7+ Kg4 60. Qf6 Rf5 61. Qe6 Kf4 62. Qe4+ Kg3 63. Qxf5 g4 64. Qxc5 Kh2 65.
Qxd4 g3 66. Qh4+ Kg2 67. c5 Kf3 68. Qxg3+ Kxg3 69. c6 1-0

[Event "*** Titled Tuesday Blitz"]
[Site "Chess.com"]
[Date "2019.02.05"]
[Round "7"]
[White "GM_dmitrij"]
[Black "nailbeshirli"]
[Result "1-0"]
[WhiteElo "2778"]
[BlackElo "2676"]
[TimeControl "180+2"]
[EndTime "14:42:22 PST"]
[Termination "GM_dmitrij won by resignation"]

1. e4 Nf6 2. e5 Nd5 3. d4 d6 4. Nf3 g6 5. Bc4 Nb6 6. Bb3 Bg7 7. O-O O-O 8. exd6 cxd6 9. a4 d5 10. Re1 Bf5 11. Bg5 f6 12. Bf4 g5 13. Bg3 Nc6 14.
a5 Nc4 15. a6 b5 16. Nc3 Qd7 17. Nxb5 N6a5 18. Nc7 Nxb3 19. cxb3 Nxb2 20. Qe2 Nd3 21. Nxa8 Nxe1 22. Rxe1 Rxa8 23. Qxe7 Rc8 24. h3 Rc6 25. Qb4 Rb6 26. Qc5 Bf8 27. Qc1 Rxb3 28. h4 Bb4 29. Rd1 gxh4 30. Nxh4 Rb1 31. Qxb1 Bxb1 32. Rxb1 Qa4 33. Nf5 Bf8 34. Ne3 Qxa6 35. Nxd5 Qa2 36. Rb5 a6 37. Nxf6+ Kf7 38. Rb6 Be7 39. Be5 Qa1+ 40.
Kh2 Qd1 41. Rb7 Qe2 42. Nd5 Qh5+ 43. Kg1 Qd1+ 44. Kh2 Qh5+ 45. Kg1 Qd1+ 46. Kh2 Qh5+ 47. Kg1 Qd1+ 48. Kh2 Ke6 49. Nf4+ Kf7 50. Bd6 Qxd4 51. Rxe7+ Kg8 52. Be5 Qc4 53. Rg7+ Kf8 54. Rxh7 a5 55.
Bd6+ Kg8 56. Ra7 a4 57. Be5 Qb3 58. Ng6 Qf7 59. Rxf7 Kxf7 60. Nf4 a3 61. Ba1 a2 62. Kg3 Ke7 63. Kf3 Kd6 64. g4 Kc5 65. g5 Kc4 66.
g6 Kb3 67. g7 Kc2 68. g8=Q Kb1 69. Qg7 Kc2 70. Qb2+ Kd1 71. Ke3 1-0

[Event "*** Titled Tuesday Blitz"]
[Site "Chess.com"]
[Date "2019.02.05"]
[Round "7"]
[White "dmosesov"]
[Black "DonPreuss"]
[Result "1/2-1/2"]
[WhiteElo "2356"]
[BlackElo "2186"]
[TimeControl "180+2"]
[EndTime "14:42:27 PST"]
[Termination "Game drawn - insufficient material"]

1. Nf3 Nc6 2. d4 e5 3. dxe5 f6 4. e4 fxe5 5. Bc4 Qf6 6. O-O d6 7. Nc3 Be6 8. Bg5 Qf7 9. Bxe6 Qxe6 10.
Nd5 Rc8 11. Nh4 g6 12. f4 h6 13. f5 gxf5 14. Qh5+ Qf7 15. Qxf7+ Kxf7 16. Rxf5+ Kg7 17. Be3 Be7 18. Nxe7 Ngxe7 19. Rf3 Rhf8 20. Raf1 Rxf3 21. Rxf3 Nd4 22. Rg3+ Kh7 23. Bxd4 exd4 24. Nf3 c5 25. Nd2 b5 26. Rf3 Kg7 27. a4 a6 28. axb5 axb5 29. Ra3 Rc7 30. Ra6 Nc8 31. Nf3 Kf6 32. e5+ Ke6 33. exd6 Nxd6 34. Kf2 Kd5 35. Ra8 Re7 36. Rd8 Kc6 37. Rh8 Re6 38. h3 Nc4 39. b3 Ne3 40. Ne1 Rf6+ 41. Ke2 Re6 42. Kf2 Kd5 43. Nd3 Rf6+ 44.
Ke2 Nxc2 45. Kd2 Ne3 46. Rc8 c4 47. Nb4+ Ke4 48. Re8+ Kf4 49. bxc4 bxc4 50. Ke2 Kg3 51. Rg8+ Kh2 52. g4 Kg3 53. g5 hxg5 54. Rxg5+ Kxh3 55. Re5 Kg3 56. Rg5+ Kf4 57. Rg8 d3+ 58. Nxd3+ cxd3+ 59. Kxd3 Rd6+ 60. Kc3 Nf5 61. Re8 Ng7 62. Re7 Ne6 63. Kc4 Ke5 64. Rh7 Rd4+ 65. Kc3 Rf4 66. Rh5+ Kd6 67.
Ra5 Nc5 68. Ra8 Nd7 69. Ra5 Rf3+ 70. Kd4 Ne5 71. Rxe5 Rd3+ 72. Kxd3 Kxe5 1/2-1/2